 Dungeon Crawl Stone Soup version 0.29.1-2-gbd0b4ee654 (webtiles) character file.

Game seed: 981104111382686467

119 xian the Trooper (level 4, -1/37 HPs)
             Began as a Demonspawn Abyssal Knight on Nov 8, 2022.
             Was a Believer of Lugonu.
             Slain by a quokka (4 damage)
             ... on level 5 of the Dungeon.
             The game lasted 00:05:37 (2975 turns).

xian the Trooper (Demonspawn Abyssal Knight)        Turns: 2975, Time: 00:05:39

Health: -1/37      AC:  4    Str: 15    XL:     4   Next: 74%
Magic:  6/6        EV:  6    Int: 11    God:    Lugonu [**....]
Gold:   75         SH:  0    Dex: 14    Spells: 3/3 levels left

rFire   . . .      SeeInvis .   a - +1 hand axe
rCold   . . .      Faith    .   (no shield)
rNeg    . . .      Spirit   .   h - +0 chain mail
rPois   .          Reflect  .   (no helmet)
rElec   .          Harm     .   (no cloak)
rCorr   .          Rampage  .   (no gloves)
Will    .....                   (no boots)
Stlth   ..........              (no amulet)
HPRegen 0.12/turn               d - ring of flight
MPRegen 0.10/turn               (no ring)

@: corroded, flying
A: hooves 1, condensation shield
a: Renounce Religion, Depart the Abyss, Bend Space


You were on level 5 of the Dungeon.
You worshipped Lugonu.
Lugonu was pleased with you.
You visited 1 branch of the dungeon, and saw 5 of its levels.
You visited the Abyss 1 time.

You collected 75 gold pieces.

Inventory:

Hand Weapons
 a - a +1 hand axe (weapon)
Missiles
 j - a poisoned dart (quivered)
 o - 6 boomerangs
Armour
 b - a +0 leather armour
 h - a +0 chain mail (worn)
 p - an orb of mayhem
Magical Staves
 c - a staff of fire
Jewellery
 d - a ring of flight (left hand)
Scrolls
 f - a scroll of amnesia {unknown}
 l - 2 scrolls of identify {unknown}
 m - 2 scrolls of fear {unknown}
 n - 2 scrolls of magic mapping {unknown}
 r - a scroll of vulnerability {unknown}
Potions
 e - 2 potions of might {unknown}
 g - 2 potions of curing {unknown}
 i - 3 potions of heal wounds {unknown}
 q - a potion of lignification {unknown}


   Skills:
 + Level 4.1 Fighting
 + Level 2.5 Axes
 + Level 2.1 Armour
 + Level 1.5 Dodging
 + Level 0.1 Stealth
 + Level 0.5 Shields
 * Level 3.4 Invocations


You had 3 spell levels left.
You didn't know any spells.
Your spell library contained the following spells:

 Spells                   Type           Power      Damage    Failure   Level
 Dazzling Flash           Conj/Hex       0%         N/A       100%        3
 Inner Flame              Hex/Fire       0%         N/A       100%        3
 Enfeeble                 Hex            0%         N/A       100%        7


Dungeon Overview and Level Annotations

Branches:
Dungeon (6/15)
 Temple: D:4-7

Altars:

Annotations:
D:6 Pikel


Innate Abilities, Weirdness & Mutations

You have large cloven feet.
A meltable shield of frost defends you. (SH +0)


Message History

You barely miss the hound. The hound bites you.
The jelly hits you but does no damage.
As you read the scroll of teleportation, it crumbles to dust.
You feel strangely unstable. The hound barely misses you.
You block the jelly's attack.
An orc comes into view. It is wielding a +0 mace.
The hound barely misses you.
Unknown command.
The orc shouts!
You hit the jelly.
Your hands burn!
You kick the jelly, but do no damage.
The jelly is severely wounded.
You closely miss the hound. The hound bites you. You block the jelly's attack.
The orc wizard gestures at you while chanting.
You are confused.
The hound barely misses you.
Your surroundings suddenly seem different.
A quokka comes into view.
Found a lumpy amethyst potion.
Found an escape hatch in the floor.
A quokka is nearby!
You're too confused to move!
You hit the quokka but do no damage. Your kick misses the quokka.
The quokka bites you but does no damage.
An orc comes into view. It is wielding a +0 club.
The quokka bites you.
The orc shouts!
An orc wizard comes into view. It is wielding a +0 dagger.
A hound comes into view.
The quokka bites you.
You're too confused to move!
The orc wizard shouts!
An orc comes into view. It is wielding a +0 club.
An orc comes into view. It is wielding a +0 mace.
The quokka bites you.
You feel less confused.
The orc wizard points at you and mumbles some strange words.
The puff of flame hits you!
Your condensation shield dissipates!
* * * LOW HITPOINT WARNING * * *
The quokka bites you.
You die...

..oo.......
#.o.....!.#
#..h......#
#......>..#
#..o......#
#.........#
#......#
#..r.#
#.@.##
##.........
.....######
#######


You could see a hound, an orc wizard, an orc and a quokka.

Vanquished Creatures
  6 adders
  2 worms (D:2)
  2 dart slugs (D:2)
  6 bats
  5 endoplasms
  3 giant cockroaches (D:1)
  5 goblins
  4 hobgoblins
  6 jackals
  2 quokkas
  5 ball pythons
  A frilled lizard (D:1)
  A kobold (D:2)
  4 rats
52 creatures vanquished.

Vanquished Creatures (others)
  8 plants (D:2)
8 creatures vanquished.

Grand Total: 60 creatures vanquished

Notes
Turn   | Place    | Note
-------+----------+-------------------------------------------
     0 | Abyss:1  | xian the Demonspawn Abyssal Knight began the quest for the
                  | Orb.
     0 | Abyss:1  | Reached XP level 1. HP: 18/18 MP: 2/2
   135 | Abyss:3  | Noticed a crimson imp
   138 | Abyss:3  | Noticed a glowing orange brain
   139 | D:1      | Escaped the Abyss
   387 | D:1      | Reached ** piety under Lugonu
   425 | D:1      | Gained mutation: A meltable shield of frost defends you.
                  | (SH +0) [demonic ancestry]
   425 | D:1      | Reached XP level 2. HP: 18/24 MP: 3/3
  1028 | D:1      | Reached skill level 1 in Dodging
  1179 | D:1      | Reached XP level 3. HP: 14/29 MP: 4/4
  2025 | D:2      | Gained mutation: You have large cloven feet. [demonic
                  | ancestry]
  2025 | D:2      | Reached XP level 4. HP: 33/37 MP: 6/6
  2664 | D:2      | Reached skill level 4 in Fighting
  2824 | D:3      | You are sucked into a shaft and drop 3 floors!
  2880 | D:6      | Got Ahumur's Catalogue of Enchantment
  2881 | D:6      | Noticed a kobold brigand
  2885 | D:6      | Noticed Pikel
  2885 | D:6      | Noticed a lemure
  2885 | D:6      | Noticed a lemure
  2886 | D:6      | Noticed a lemure
  2886 | D:6      | Noticed a lemure
  2963 | D:5      | Entered Level 5 of the Dungeon
  2975 | D:5      | Slain by a quokka

Illustrated notes

Levels and vault maps discovered:
D:1:      matt_arrival_spirals, layout_basic
D:2:      minmay_door_path, layout_basic, serial_bayou_lagoon_a,
          minmay_misc_feat_plants, minmay_ruptured
D:3:      layout_loops_ring, minmay_crystal_water
D:5:      layout_cave_pods, enter_ossuary_3, serial_column_ruins,
          column_ruins_hut, column_ruins_circle_small, column_ruins_grid_1,
          column_ruins_grid_1, column_ruins_open_medium,
          gammafunk_ghost_necromancy
D:6:      lemuel_ice_spiral_2, layout_basic, uniq_pikel

Skill      XL: |  1  2  3  4 |
---------------+-------------+-----
Axes           | 2 |  2.5
Armour         | 2 |  2.1
Dodging        | 1 |  1.5
Invocations    | 3 |  3.4
Fighting       | 4 |  4.1
Stealth        | |  0.1
Shields        | |  0.5

Action                   |  1- 3 |  4- 6 || total
-------------------------+-------+-------++-------
Melee: Hand axe          |   141 |    44 ||   185
       Punch             |     1 |       ||     1
       Kick              |       |    12 ||    12
Throw: Dart              |     4 |     1 ||     5
Invok: Depart the Abyss  |     1 |       ||     1
  Use: Scroll            |       |     2 ||     2
Armor: Leather armour    |    30 |       ||    30
       Chain mail        |    46 |    24 ||    70
Dodge: Dodged            |    90 |    24 ||   114
Block: Other             |    28 |    11 ||    39
